Map: Долина кактусов РВ (Void)

Players

Obscurity

  • Race: Zerg Zerg
  • League: Diamond
  • Spawn Location: 7:00

JAEKS - Winner!

  • Race: Terran Terran
  • League: Diamond
  • Spawn Location: 1:00

VOD

Have the link to the VOD?

Description

Time

  • Played on: Feb. 14, 2017, 8:14 a.m.
  • Length: 19:46
Show
View Real Time Build Order
Export as new Build Order

Obscurity Zerg 

Build Orders: Hatch First, Muta Ling Bane 

Get SALT Encoding   

  12  0:02  Drone  
  13  0:12  Overlord  
  13  0:17  Drone  
  14  0:32  Drone x2  
  14  0:35  Drone  
  17  0:53  Hatchery  
  17  0:56  Drone  
  17  1:00  Drone  
  17  1:03  Extractor  
  17  1:17  Spawning Pool  
  16  1:19  Drone  
  16  1:23  Drone  
  18  1:29  Drone  
  19  1:39  Overlord  
  19  1:52  Drone  
  20  2:04  Queen  
  20  2:06  Queen  
  20  2:08  Zergling x4  
  26  2:13  Metabolic Boost  
  26  2:16  Zergling x2  
  27  2:24  Drone x2  
  27  2:28  Drone  
  30  2:33  Drone  
  31  2:38  Drone  
  31  2:43  Drone  
  32  2:53  Queen  
  32  2:55  Queen  
  36  3:22  Hatchery  
  36  3:24  Drone  
  36  3:26  Overlord  
  36  3:39  Overlord  
  36  3:41  Overlord  
  36  3:44  Queen  
  36  3:47  Drone x5  
  43  3:57  Drone x3  
  43  4:02  Drone x2  
  48  4:03  Drone  
  48  4:09  Drone  
  51  4:10  Drone x2  
  51  4:16  Spore Crawler  
  51  4:19  Spore Crawler  
  50  4:29  Drone x5  
  54  4:35  Zergling x2  
  54  4:36  Zergling x4  
  57  4:44  Zergling x6  
  60  4:47  Evolution Chamber  
  60  4:49  Evolution Chamber  
  60  4:51  Drone  
  60  4:52  Drone x2  
  61  4:53  Baneling Nest  
  61  4:54  Queen  
  61  4:58  Zergling x6  
  65  5:03  Overlord  
  65  5:27  Zergling x10  
  65  5:28  Zergling x6  
  73  5:34  Overlord x2  
  73  5:37  Lair  
  73  5:49  Overlord  
  73  6:00  Zergling x6, Drone x2  
  73  6:01  Drone x4  
  82  6:07  Zerg Melee Weapons Level 1  
  82  6:08  Zerg Ground Armor Level 1  
  82  6:12  Extractor  
  82  6:13  Extractor, Drone x2  
  82  6:14  Drone  
  82  6:17  Baneling x3  
  82  6:18  Baneling x6  
  83  6:19  Baneling  
  83  6:20  Drone x3  
  83  6:21  Drone  
  87  6:33  Extractor, Drone x4  
  90  6:40  Drone x2  
  90  6:42  Extractor  
  90  6:43  Extractor  
  91  6:47  Zergling x10, Hatchery  
  91  6:50  Centrifical Hooks  
  94  6:54  Drone x2  
  94  6:55  Drone  
  97  7:12  Overlord x2  
  97  7:13  Overlord  
  97  7:27  Hatchery  
  96  7:30  Drone  
  96  7:33  Drone x2  
  96  7:34  Zergling x4  
  96  7:35  Zergling x2  
  102  7:43  Drone  
  102  7:44  Drone x5  
  108  7:53  Zergling x12  
  108  7:54  Zergling x4  
  116  8:08  Zergling x12  
  116  8:12  Infestation Pit  
  121  8:15  Spire  
  121  8:16  Overlord x2  
  121  8:17  Zergling x8  
  121  8:18  Zergling x2  
  125  8:20  Baneling x2  
  125  8:21  Baneling x7  
  125  8:22  Baneling x4  
  125  8:30  Zergling x4  
  125  8:37  Zergling x12  
  114  8:44  Zergling x8  
  114  8:45  Zergling x10  
  105  8:54  Zergling x12  
  105  8:55  Zergling x6  
  113  9:02  Overseer x3  
  113  9:06  Drone x4  
  113  9:07  Drone  
  118  9:13  Hive  
  118  9:18  Drone x3  
  118  9:21  Extractor x2  
  118  9:22  Queen  
  118  9:24  Spore Crawler, Drone x3  
  122  9:25  Zergling x6  
  122  9:26  Zergling x10  
  131  9:38  Baneling x3  
  131  9:39  Baneling x6  
  131  9:40  Baneling x2, Mutalisk x4  
  131  9:41  Mutalisk x4  
  131  9:44  Zergling x6  
  150  9:46  Overlord x2  
  150  9:47  Overlord  
  132  10:02  Zergling x4  
  132  10:03  Zergling x10  
  132  10:04  Zergling x6  
  125  10:11  Zergling x8  
  127  10:16  Zergling x4  
  127  10:19  Zergling x2  
  127  10:20  Zergling x6  
  131  10:25  Zergling x6  
  117  10:31  Zergling x4  
  117  10:33  Zergling x2  
  117  10:34  Zergling x4  
  113  10:40  Zerg Flyer Weapons Level 1  
  106  10:46  Ultralisk Cavern, Zergling x10  
  103  10:56  Mutalisk x5  
  110  11:03  Baneling x6  
  110  11:04  Zergling x6, Baneling x2  
  112  11:08  Burrow  
  112  11:09  Pneumatized Carapace  
  112  11:10  Zergling x12  
  121  11:14  Zergling x6  
  121  11:17  Zerg Melee Weapons Level 2  
  121  11:18  Zerg Ground Armor Level 2  
  124  11:21  Zergling x6  
  124  11:22  Zergling x4  
  129  11:33  Zergling x6  
  129  11:34  Zergling x4  
  129  11:35  Chitinous Plating  
  129  11:37  Ultralisk x3  
  152  11:42  Ultralisk  
  148  11:57  Ultralisk x2  
  160  12:06  Zergling x4  
  160  12:07  Zergling x12  
  160  12:08  Zergling x14  
  149  12:09  Zergling x2  
  139  12:15  Zergling x2  
  139  12:16  Zergling x10  
  139  12:21  Ultralisk  
  151  12:25  Zergling x6  
  136  12:31  Zergling x4  
  136  12:32  Zergling x10  
  131  12:39  Zergling x4  
  127  12:45  Zergling x6, Ultralisk  
  127  12:49  Corruptor  
  124  12:54  Corruptor x2  
  122  12:59  Ultralisk  
  128  13:08  Corruptor x2  
  128  13:09  Corruptor  
  132  13:14  Zergling x8  
  131  13:23  Overseer  
  131  13:24  Zergling x6  
  131  13:25  Zergling x8  
  132  13:32  Zergling x4  
  133  13:35  Zergling x4  
  133  13:38  Corruptor  
  133  13:39  Zergling x4  
  131  13:43  Zergling x2  
  131  13:47  Zergling x6  
  128  13:54  Zergling x2  
  128  13:55  Zergling x2  
  130  14:03  Hatchery  
  130  14:06  Zergling x12  
  130  14:09  Adrenal Glands  
  135  14:14  Ultralisk, Corruptor  
  135  14:15  Zergling x6  
  146  14:25  Zergling x6  
  146  14:30  Baneling x4  
  146  14:31  Baneling x6  
  149  14:32  Baneling x2  
  149  14:35  Overseer  
  149  14:38  Overlord x2  
  149  14:44  Overlord  
  149  14:51  Drone  
  147  14:54  Overlord x2  
  147  14:59  Drone x2, Overlord  
  146  15:00  Drone x4  
  149  15:08  Zergling x8, Ultralisk  
  149  15:09  Zergling x2  
  160  15:18  Zergling x10  
  160  15:19  Zergling x6  
  168  15:27  Zergling x2  
  168  15:28  Zergling x12  
  175  15:37  Zerg Flyer Weapons Level 2  
  169  15:56  Zergling x14  
  169  15:57  Zergling x12  
  143  15:58  Zergling x2  
  143  16:04  Zergling x14  
  133  16:07  Zergling x4, Drone x10  
  133  16:08  Drone  
  139  16:12  Zergling x12  
  144  16:24  Hatchery  
  143  16:27  Corruptor  
  145  16:36  Ultralisk  
  151  16:44  Zergling x4  
  151  16:45  Zergling x8  
  121  17:19  Zergling x2  
  121  17:20  Zergling x12  
  121  17:21  Zergling x2, Corruptor  
  124  17:26  Hatchery, Corruptor  
  122  17:39  Zergling x10  
  127  17:53  Zergling x6  
  127  17:54  Zergling x10  
  135  18:00  Spore Crawler  
  134  18:14  Ultralisk  
  134  18:16  Queen  
  142  18:21  Baneling x2  
  142  18:22  Baneling x7  
  142  18:28  Overseer  
  142  18:29  Overseer x2  
  141  18:59  Corruptor x2  
  141  19:01  Spore Crawler  
  143  19:04  Queen  
  143  19:08  Zergling x2  
  146  19:16  Corruptor  
  148  19:23  Zergling x10  
Show
View Real Time Build Order
Export as new Build Order

JAEKS Terran - Winner!

Build Orders: Liberator Opening, MMM Bio 

Get SALT Encoding   

  12  0:01  SCV  
  13  0:13  SCV  
  14  0:18  Supply Depot  
  14  0:25  SCV  
  15  0:35  Refinery  
  15  0:40  SCV  
  16  0:46  Barracks  
  16  0:52  SCV  
  17  1:04  SCV  
  18  1:16  SCV  
  19  1:28  SCV  
  20  1:34  Reaper  
  21  1:41  Orbital Command  
  21  1:56  Command Center  
  21  2:10  SCV  
  21  2:11  Supply Depot  
  22  2:16  Barracks Reactor  
  22  2:22  Factory  
  22  2:25  SCV  
  23  2:37  SCV  
  23  2:43  Bunker  
  24  2:49  SCV  
  25  2:55  Marine x2  
  27  3:01  SCV  
  28  3:06  Supply Depot  
  28  3:07  Refinery  
  28  3:10  Orbital Command  
  28  3:13  SCV, Widow Mine  
  30  3:21  Starport  
  30  3:22  Marine  
  30  3:26  SCV, Marine  
  33  3:35  Supply Depot  
  33  3:37  SCV  
  33  3:38  SCV  
  35  3:42  Marine  
  35  3:43  Liberator  
  35  3:47  Factory Tech Lab  
  36  3:49  SCV  
  36  3:50  SCV  
  38  3:55  Marine  
  38  3:59  Supply Depot  
  38  4:01  SCV  
  38  4:02  SCV, Marine  
  45  4:11  Barracks  
  45  4:13  SCV  
  45  4:14  SCV  
  45  4:16  Marine  
  48  4:21  Siege Tank  
  51  4:24  Marine  
  51  4:26  SCV x2  
  54  4:36  Marine  
  54  4:38  SCV x2  
  57  4:40  Supply Depot  
  57  4:46  Supply Depot  
  57  4:48  Medivac  
  57  4:49  Marine  
  60  4:55  Marine  
  60  4:57  SCV  
  60  4:58  SCV  
  63  5:01  Refinery  
  63  5:02  Refinery  
  63  5:03  Supply Depot  
  63  5:07  Barracks Tech Lab  
  63  5:08  Marine  
  63  5:10  SCV x2  
  63  5:12  Supply Depot  
  66  5:16  Engineering Bay, Marine  
  66  5:18  Engineering Bay  
  67  5:22  SCV x2  
  67  5:26  Marine  
  70  5:30  Marauder  
  70  5:31  Stimpack  
  70  5:32  Starport Reactor  
  70  5:34  SCV x2  
  74  5:37  Supply Depot  
  74  5:41  Marine  
  72  5:46  SCV x2  
  74  5:50  Marine  
  75  5:58  SCV x2  
  75  6:00  Barracks, Marine, Marauder  
  80  6:08  Supply Depot  
  80  6:10  Terran Infantry Armor Level 1, SCV x2, Terran Infantry Weapons Level 1  
  82  6:12  Marine  
  82  6:14  Factory Reactor  
  83  6:21  Marine  
  83  6:22  Marauder  
  83  6:23  Medivac  
  88  6:27  Medivac  
  90  6:34  Marine  
  91  6:42  Command Center  
  91  6:43  Marine  
  91  6:44  Marauder  
  94  6:54  Armory  
  94  6:55  Supply Depot  
  94  7:01  Marine  
  94  7:02  Marine, Marauder  
  94  7:03  Barracks  
  94  7:08  SCV x2  
  100  7:10  Marauder  
  101  7:18  Supply Depot  
  101  7:20  Medivac x2  
  101  7:21  Widow Mine x2  
  100  7:22  Marine  
  100  7:25  SCV  
  102  7:31  Supply Depot  
  102  7:32  SCV  
  102  7:33  Marine  
  102  7:35  Marine  
  102  7:36  Marine  
  106  7:44  Marine  
  107  7:57  Supply Depot, Barracks Reactor, Combat Shields  
  107  8:00  Marine  
  107  8:01  Widow Mine x2, Marauder x2  
  116  8:06  Orbital Command  
  116  8:09  Missile Turret  
  116  8:10  Missile Turret  
  116  8:12  Missile Turret  
  116  8:13  Terran Infantry Weapons Level 2  
  116  8:17  Terran Infantry Armor Level 2  
  116  8:19  Marine x2  
  118  8:26  Marine x2  
  87  8:58  Marine x4  
  87  8:59  Marauder x2  
  95  9:03  Widow Mine x2  
  95  9:04  Medivac  
  95  9:05  Medivac  
  95  9:07  Terran Vehicle And Ship Armor Level 1  
  103  9:10  SCV x3  
  103  9:15  Marine x2  
  108  9:19  Supply Depot  
  108  9:22  SCV x2, Refinery, Marine x2  
  108  9:23  SCV, Marine  
  114  9:24  Refinery  
  114  9:25  Barracks x2, Marauder  
  114  9:26  Barracks  
  116  9:34  SCV  
  116  9:38  Marine x2  
  116  9:39  Widow Mine x2  
  116  9:40  Supply Depot  
  116  9:41  Marine  
  116  9:42  Supply Depot, Marine  
  116  9:43  Marauder  
  125  9:51  Marine  
  126  9:56  Marine  
  124  10:03  Supply Depot  
  118  10:07  Marine x3  
  118  10:08  Marauder  
  118  10:10  SCV x3  
  122  10:15  Widow Mine  
  122  10:16  Widow Mine  
  126  10:22  SCV x3  
  125  10:31  Marine  
  125  10:32  Marine x5  
  125  10:34  SCV x2, Medivac x2  
  119  10:46  SCV x2  
  119  10:49  Marine x3  
  120  10:50  Marine, Marauder x2  
  120  10:55  Widow Mine x2  
  131  11:07  Marine x4  
  135  11:12  Marauder x2  
  135  11:16  Barracks Reactor x2  
  135  11:17  Barracks Reactor, Command Center  
  139  11:18  Supply Depot  
  139  11:20  Liberator  
  139  11:21  Terran Infantry Armor Level 3, Terran Infantry Weapons Level 3  
  139  11:22  Terran Vehicle And Ship Armor Level 2  
  139  11:25  Marine  
  140  11:31  Marine x2  
  140  11:32  Marine  
  143  11:33  Widow Mine x2  
  143  11:35  Marine x2  
  152  11:41  Supply Depot  
  152  11:44  Marine  
  153  11:49  Marine  
  153  11:52  Marine x5  
  153  11:53  Marine x2  
  159  11:58  Supply Depot, Marine x2  
  159  11:59  Marauder  
  161  12:03  Supply Depot  
  156  12:13  Marine x4  
  156  12:14  Marine x5  
  151  12:16  Marine x2  
  151  12:20  Marine  
  151  12:21  Supply Depot  
  154  12:24  SCV x3  
  154  12:25  Supply Depot  
  154  12:26  Liberator  
  157  12:31  Marine x5  
  157  12:34  Marauder  
  163  12:38  Marauder  
  163  12:40  Marine x4  
  163  12:41  Marine  
  173  12:48  Marine  
  167  12:56  Marauder  
  158  12:59  Marine x2  
  158  13:00  Marine x4, Marauder  
  166  13:13  Orbital Command  
  166  13:17  Marauder  
  153  13:21  Marauder  
  153  13:22  Marine x5  
  153  13:23  Marine x3  
  145  13:39  Marine x2, Marauder  
  145  13:40  Marine x2  
  136  13:42  Marauder  
  124  13:53  Refinery  
  124  13:55  Refinery  
  122  13:56  Marine x2  
  122  13:59  Terran Ship Weapons Level 1  
  122  14:00  Marauder  
  126  14:04  Marauder  
  126  14:09  Marine x4  
  130  14:10  Marine x4  
  130  14:14  Marine  
  137  14:20  Liberator x2  
  137  14:21  Marauder  
  139  14:25  Marauder  
  139  14:29  Command Center  
  147  14:40  Marine  
  147  14:41  Marine x9  
  147  14:43  Marauder  
  159  14:46  Marauder  
  159  14:48  Widow Mine x2  
  165  14:58  Marine  
  165  14:59  Marine x2  
  168  15:03  Liberator x2  
  168  15:04  Marine x3, Marauder  
  164  15:08  Marauder  
  164  15:09  Marine x3  
  174  15:22  Marine  
  174  15:23  Marine x3  
  174  15:26  Marauder  
  180  15:29  Marauder  
  180  15:33  Sensor Tower  
  180  15:34  SCV x4  
  186  15:42  Marine x3  
  187  15:43  Marine  
  187  15:46  Liberator x2  
  187  15:47  Marauder  
  192  15:51  Marauder  
  178  16:00  Marine x3  
  178  16:01  Marine  
  167  16:08  Marauder  
  167  16:10  Marine  
  167  16:11  Marine x2  
  170  16:12  Marauder  
  166  16:18  Planetary Fortress  
  166  16:21  Refinery  
  166  16:25  Sensor Tower  
  166  16:29  Marine x2  
  166  16:30  Marine, Marauder  
  171  16:33  Marauder  
  173  16:46  Liberator x2, Marine x4  
  173  16:47  Marine x2  
  177  16:51  Marauder  
  181  16:55  Marauder  
  183  17:07  Marine x2  
  191  17:12  Marauder  
  157  17:16  Marauder  
  131  17:23  Marine x5  
  131  17:24  Marine  
  125  17:34  Marauder  
  127  17:38  Marauder  
  127  17:39  Marine  
  127  17:40  Marine x3  
  131  17:54  Liberator x2  
  131  17:55  Marauder  
  133  17:58  Command Center  
  133  17:59  Marauder  
  135  18:12  Marine  
  142  18:13  Marine x9  
  142  18:17  Marauder  
  153  18:20  Marauder  
  155  18:30  Marine x6  
  155  18:32  Marine  
  155  18:33  Marine x3  
  165  18:38  Marauder  
  167  18:42  Refinery, Marauder  
  167  18:44  Refinery  
  167  18:48  Marine x6  
  170  18:50  Marine  
  170  18:51  Marine  
  170  18:54  Medivac x2  
  181  18:59  Marauder  
  183  19:03  Marauder  
  183  19:06  Marine x3  
  188  19:10  Planetary Fortress  
  188  19:21  Marauder  
  182  19:24  Marauder  
Tags
 
Add a new tag
Caveats
  • Supply blocks, unpowered buildings, or Contaminate may cause inaccurate times.
  • Supply counts are checked every 10 seconds.